 Dungeon Crawl Stone Soup version 0.30-a0-845-g7c6808c8ce (webtiles) character file.

Game seed: 2731932330802839316

81 zenocrate the Insei (level 4, 0/26 (28) HPs)
             Began as an Octopode Transmuter on Mar 2, 2023.
             Slain by Crazy Yiuf
             ... wielding a +2 quarterstaff of chaos
              (3 damage)
             ... on level 2 of the Dungeon.
             The game lasted 00:01:41 (1868 turns).

zenocrate the Insei (Octopode Transmuter)           Turns: 1868, Time: 00:01:41

HP:   0/26 (28)     AC:  1    Str:  9    XL:     4   Next: 40%
MP:   4/7           EV: 13    Int: 23    God:
Gold: 95            SH:  0    Dex: 12    Spells: 0/7 levels left

rFire   . . .      SeeInvis .      - Unarmed
rCold   . . .      Faith    .    (no shield)
rNeg    . . .      Spirit   .    (helmet currently unavailable)
rPois   .          Reflect  .    (no amulet)
rElec   .          Rampage  .    i - +6 ring of intelligence
rCorr   .                        (no ring)
Will    .....                    (no ring)
Stlth   +++                      (no ring)
HPRegen 0.24/turn                (no ring)
MPRegen 0.10/turn                (no ring)
                                 (no ring)
                                 (no ring)

@: lethally poisoned (0 -> -5), appendages, wereblooded, drained
A: tentacle spike 3, almost no armour, amphibious, 8 rings, camouflage 1,
gelatinous body 1, (nimble swimmer 1), tentacles
a: End Transformation


You were on level 2 of the Dungeon.
One of your tentacles had grown a beastly spike.
You visited 1 branch of the dungeon, and saw 2 of its levels.

You collected 95 gold pieces.

Inventory:

Missiles
 g - 9 boomerangs
Jewellery
 i - a +6 ring of intelligence (left tentacle)
Scrolls
 c - a scroll of fear
 d - a scroll of blinking
 e - a scroll of poison
 h - a scroll of fog {unknown}
 j - a scroll of teleportation {unknown}
Potions
 a - a potion of lignification
 b - 2 potions of curing {unknown}
 f - a potion of cancellation
 k - a potion of heal wounds {unknown}


   Skills:
 - Level 1.0 Fighting
 - Level 2.0 Dodging
 - Level 1.2 Stealth
 + Level 4.1 Unarmed Combat
 - Level 2.0 Spellcasting
 + Level 3.3 Transmutations
 + Level 0.0 Ice Magic


You couldn't memorise any spells.
You knew the following spells:

 Your Spells              Type           Power      Damage    Failure   Level
a - Wereblood             Tmut           17%        N/A       4%          2
b - Beastly Appendage     Tmut           34%        N/A       3%          1
c - Ice Form              Ice/Tmut       10%        N/A       54%         4

Your spell library contained the following spells:

 Spells                   Type           Power      Damage    Failure   Level
 Spider Form              Tmut/Pois      10%        N/A       19%         3


Dungeon Overview and Level Annotations

Branches:
Dungeon (2/15)

Altars:

Annotations:
D:2 Crazy Yiuf


Innate Abilities, Weirdness & Mutations

One of your tentacles has grown a beastly spike.
You cannot wear most types of armour.
You are amphibious.
You can wear up to eight rings at the same time.
Your skin changes colour to match your surroundings (Stealth+).
Your rubbery body absorbs attacks. (AC +1, EV +1)
((You are camouflaged when in or above water. (Stealth+)))
You have tentacles for arms and can constrict up to eight enemies at once.


Message History

You finish memorising.
Spell assigned to 'c'.
Found a hammer.
Found a runed translucent door.
You open the door.
Casting: Beastly Appendage (safe; 3% risk of failure)
Confirm with . or Enter, or press ? or * to list all spells.
Your blood is freshly infused with primal strength!
Casting: Wereblood (safe; 4% risk of failure)
Confirm with . or Enter, or press ? or * to list all spells.
One of your tentacles grows a vicious spike.
There is an open translucent door here.
The helpless Crazy Yiuf fails to defend himself.
You tentacle-slap Crazy Yiuf but do no damage.
You grab Crazy Yiuf.
You constrict Crazy Yiuf, but do no damage.
Crazy Yiuf yells, "Rifle fast seventy!"
Crazy Yiuf completely misses you.
You tentacle-slap Crazy Yiuf but do no damage.
You constrict Crazy Yiuf. Crazy Yiuf misses you.
You tentacle-slap Crazy Yiuf but do no damage.
Crazy Yiuf is lightly wounded.
You constrict Crazy Yiuf.
Crazy Yiuf hits you with a +2 quarterstaff of chaos!
You are poisoned.
You tentacle-slap Crazy Yiuf.
You pierce Crazy Yiuf.
Crazy Yiuf is heavily wounded.
You constrict Crazy Yiuf, but do no damage.
You feel very sick.
You tentacle-slap Crazy Yiuf but do no damage.
You pierce Crazy Yiuf, but do no damage.
Crazy Yiuf is heavily wounded.
You constrict Crazy Yiuf, but do no damage.
You feel sick. Crazy Yiuf closely misses you.
You completely miss Crazy Yiuf.
You pierce Crazy Yiuf.
Crazy Yiuf is severely wounded.
You constrict Crazy Yiuf, but do no damage.
You feel sick.
Crazy Yiuf hits you with a +2 quarterstaff of chaos!
* * * LOW HITPOINT WARNING * * *
You feel drained.
You die...

...........#
##)P.#
#..[.#######
#######..#.#
##.##
#...........
######..#.# ##.#
##..#######.
##...))....# #.##
##..## #.
...††#...### ##.#
#....# #.
..†#..#..# #.##
##.†.# #.
####.###.###
##'##
##...######. #.##
##..# #...#
#...........
####.###.###
#.@.#
#....######.
......#..# #)g.#
###..# #[
[......### #####
#..# #. ########
#..######. ###
#.....)... #.#
##.####### #.#
#........
#.###########.
####....########.


You could see Crazy Yiuf.

Vanquished Creatures
  Jessica (D:2)
  An adder (D:2)
  4 worms (D:2)
  A dart slug (D:1)
  3 endoplasms
  5 goblins
  A hobgoblin (D:2)
  2 quokkas
  4 ball pythons
  3 bats (D:1)
  3 frilled lizards
  6 kobolds
  4 rats
38 creatures vanquished.

Vanquished Creatures (others)
  A fungus (D:2)
1 creature vanquished.

Grand Total: 39 creatures vanquished

Notes
Turn   | Place    | Note
-------+----------+-------------------------------------------
     0 | D:1      | zenocrate the Octopode Transmuter began the quest for the
                  | Orb.
     0 | D:1      | Reached XP level 1. HP: 13/13 MP: 3/3
   195 | D:1      | Found a faded altar of an unknown god.
   207 | D:1      | Reached skill level 1 in Stealth
   207 | D:1      | Reached XP level 2. HP: 14/18 MP: 3/5
   273 | D:1      | Learned a level 2 spell: Wereblood
  1057 | D:2      | Reached XP level 3. HP: 17/23 MP: 2/6
  1156 | D:2      | Noticed Jessica
  1164 | D:2      | Killed Jessica
  1165 | D:2      | Reached XP level 4. HP: 12/28 MP: 3/7
  1393 | D:2      | Reached skill level 4 in Unarmed Combat
  1839 | D:2      | Identified the +10 hammer of Ixyuxzij {freeze, Str+2}
  1852 | D:2      | Learned a level 4 spell: Ice Form
  1853 | D:2      | Found a runed translucent door.
  1854 | D:2      | Noticed Crazy Yiuf
  1868 | D:2      | Slain by Crazy Yiuf

Illustrated notes

Levels and vault maps discovered:
D:1:      minmay_arrival_widening_spiral_wide, layout_loops_ring,
          basic_ecumenical_altar
D:2:      layout_loops_ring, uniq_jessica, uniq_crazy_yiuf_cottage

Skill      XL: |  1  2  3  4 |
---------------+-------------+-----
Stealth        | 1 |  1.2
Transmutations | 3 |  3.3
Unarmed Combat | 4 |  4.1
Fighting       | |  1.0
Dodging        | |  2.0
Spellcasting   | |  2.0

Action                     |  1- 3 |  4- 6 || total
---------------------------+-------+-------++-------
  Melee: Unarmed           |    34 |    39 ||    73
         Kick              |     9 |    13 ||    22
         Constrict         |     5 |     9 ||    14
         Tentacles         |     3 |    11 ||    14
         Punch             |     3 |     1 ||     4
   Cast: Beastly Appendage |    16 |     8 ||    24
         Wereblood         |    11 |     8 ||    19
    Use: Scroll            |     4 |       ||     4
   Stab: Sleeping          |     5 |     5 ||    10
 Armour: Skin              |       |     1 ||     1
  Dodge: Dodged            |    14 |    21 ||    35

Table legend: (Time is in decaauts)
 A = Elapsed time spent in this place.
 B = Non-inter-level travel time spent in this place.
 C = Inter-level travel time spent in this place.
 D = Time resting spent in this place.
 E = Time spent auto-exploring this place.
 F = Levels seen in this place.
 G = Mean time per level.
                   A        B        C        D        E       F      G
               +--------+--------+--------+--------+--------+-----+--------+
         Total |   1862 |   1843 |     19 |      0 |   1503 |   2 |  931.0 |
       Dungeon |   1862 |   1843 |     19 |      0 |   1503 |   2 |  931.0 |
               +--------+--------+--------+--------+--------+-----+--------+

Top non-repeatable levels by time:
     D:1: 1044 daAuts
     D:2: 817 daAuts
